 Dungeon Crawl Stone Soup version 0.30-a0-170-g85af917532 (webtiles) character file.

Game seed: 8529613461005692497

84 qw the Chopper (level 4, 0/28 HPs)
             Began as a Gargoyle Fighter on Sept 30, 2022.
             Slain by Natasha (6 damage)
             ... on level 2 of the Dungeon.
             The game lasted 00:00:37 (1919 turns).

qw the Chopper (Gargoyle Fighter)                   Turns: 1919, Time: 00:00:38

Health: 0/28       AC: 10    Str: 21    XL:     4   Next: 46%
Magic:  4/4        EV:  9    Int:  9    God:
Gold:   103        SH:  4    Dex:  9    Spells: 3/3 levels left

rFire   . . .      SeeInvis .    a - +0 war axe
rCold   . . .      Faith    .    c - +0 buckler
rNeg    + . .      Spirit   .    b - +0 scale mail
rPois   inf        Reflect  .    (no helmet)
rElec   +          Harm     .    (no cloak)
rCorr   .          Rampage  .    (no gloves)
Will    .....                    (no boots)
Stlth   ..........               (no amulet)
HPRegen 0.09/turn                (no ring)
MPRegen 0.09/turn                (no ring)

@: slowed, very slow
A: sickness immunity, AC +3, negative energy resistance 1, electricity
resistance, torment resistance 1, petrification resistance
a: no special abilities


You were on level 2 of the Dungeon.
You visited 1 branch of the dungeon, and saw 2 of its levels.

You collected 103 gold pieces.


Innate Abilities, Weirdness & Mutations

You are immune to sickness and miasma.
Your stone body is resilient. (AC +3)
You are immune to poison.
You resist negative energy. (rN+)
You are resistant to electric shocks. (rElec)
You are resistant to unholy torment.
You are immune to petrification.


   Skills:
 - Level 3.2 Fighting
 + Level 4.1 Axes
 - Level 3.2 Armour
 - Level 3.2 Shields


You had 3 spell levels left.
You didn't know any spells.
Your spell library was empty.

Inventory:

Hand Weapons
 a - a +0 war axe (weapon)
 h - a +0 flail
Armour
 b - a +0 scale mail (worn)
 c - a +0 buckler (worn)
Jewellery
 g - an amulet of faith
Scrolls
 i - a scroll of vulnerability {unknown}
 k - a scroll of fog {unknown}
 l - a scroll of blinking {unknown}
Potions
 d - a potion of might
 e - a potion of brilliance {unknown}
 f - a potion of curing {unknown}
 j - a potion of cancellation {unknown}

Dungeon Overview and Level Annotations

Branches:
Dungeon (2/15)

Altars:
The Shining One

Annotations:
D:2 Natasha


Message History

You barely miss Natasha.
Natasha is heavily wounded.
Natasha stares at you and mumbles some strange words.
The magic dart hits you but does no damage.
Natasha claws you!
You barely miss Natasha.
Natasha is heavily wounded.
You block Natasha's attack.
Natasha stares at you and mumbles some strange words.
You resist with some effort.
You closely miss Natasha.
Natasha is heavily wounded.
Natasha claws you but does no damage.
Natasha mumbles some strange words.
You hit Natasha but do no damage.
Natasha is heavily wounded.
Natasha claws you but does no damage.
Natasha mumbles some strange words.
You closely miss Natasha.
Natasha is heavily wounded.
You hit the crimson imp. You slash the white imp!
Natasha claws you but does no damage. You block the crimson imp's attack.
The white imp hits you but does no damage.
Natasha claws you. The white imp gestures at you. The puff of frost hits you.
The crimson imp blinks!
You hit the white imp but do no damage.
The white imp is severely wounded.
You barely miss Natasha. Natasha claws you but does no damage.
The white imp hits you but does no damage.
Natasha closely misses you. The white imp gestures at you.
The puff of frost hits you but does no damage.
You slash the white imp!
You kill the white imp!
The white imp disappears in a puff of smoke!
You hit Natasha but do no damage. You slash the crimson imp! Natasha claws you.
The crimson imp blinks!
Natasha claws you.
You die...

....######.##..#########.# .##.##
#...............#
##...#####.##..########..#
...#........#..########..########
##....####.##..#......[.....##...
........#...#..#.###......%.#....
###.......#....#.# #.##..........
# #.##......#)##.# #. ##.#..#....
#.##.#......##@###.###.#..#....
#.##....#.###¤¤h...##..h.......
#...<..###.##..####(......#.#>#
#.#.#.#.#..##..# #.#.......... #
#.#.##.#.##..# #.##.##.###.# #
#.#.####.##..####....##.# #.# ...
#.#.# #.##.5.........%.# #.# ...
#.#.. #.##.#####..###### #.# ##.
#.##.###.##.# #..# #.#


You could see Natasha and a crimson imp (summoned).

Vanquished Creatures
  Natasha (D:2)
  2 adders (D:2)
  A worm (D:2)
  A dart slug (D:1)
  3 endoplasms (D:1)
  2 giant cockroaches (D:1)
  A goblin (D:1)
  6 hobgoblins
  A quokka (D:1)
  9 ball pythons
  A bat (D:2)
  2 frilled lizards
  6 kobolds
  2 rats
38 creatures vanquished.

Notes
Turn   | Place    | Note
-------+----------+-------------------------------------------
     0 | D:1      | qw the Gargoyle Fighter began the quest for the Orb.
     0 | D:1      | Reached XP level 1. HP: 14/14 MP: 1/1
     0 | D:1      | 0 ||| qw: Version: 0.2-a-12-gaebbb33
     0 | D:1      | 0 ||| qw: Game counter: 1610
     0 | D:1      | 0 ||| qw: Always use a shield: true
     0 | D:1      | 0 ||| qw: God list: Okawaru
     0 | D:1      | 0 ||| qw: Allow faded altars: false
     0 | D:1      | 0 ||| qw: Do Orc after D:15 true
     0 | D:1      | 0 ||| qw: Do second Lair branch before Depths: true
     0 | D:1      | 0 ||| qw: Lair rune preference: random
     0 | D:1      | 0 ||| qw: Plans: Normal, Zot:1-4, God:TSO, Crypt, Tomb,
                  | Pan, Slime:5, Hells, Abyss, Orb
     0 | D:1      | 0 ||| PLANNING D:1-11
    74 | D:1      | 74 ||| DROPPING +0 club.
   187 | D:1      | Reached skill level 2 in Axes
   388 | D:1      | Reached XP level 2. HP: 19/19 MP: 2/2
   501 | D:1      | 501 ||| DROPPING +0 whip.
   518 | D:1      | 518 ||| Stepping ~*~*~tactically~*~*~ (stealth).
  1094 | D:1      | Reached skill level 3 in Axes
  1267 | D:2      | 1267 ||| STAIRDANCE
  1270 | D:1      | Reached XP level 3. HP: 23/23 MP: 3/3
  1272 | D:2      | 1272 ||| STAIRDANCE
  1274 | D:2      | 1274 ||| STAIRDANCE
  1357 | D:2      | Found a glowing golden altar of the Shining One.
  1393 | D:2      | 1393 ||| DROPPING +1 whip of electrocution.
  1585 | D:2      | Reached XP level 4. HP: 24/28 MP: 4/4
  1690 | D:2      | Noticed Natasha
  1703 | D:2      | Killed Natasha
  1704 | D:2      | Reached skill level 4 in Axes
  1714 | D:2      | Noticed Natasha
  1715 | D:2      | 1715 ||| Stepping ~*~*~tactically~*~*~ (stealth).
  1732 | D:2      | 1732 ||| FLEEEEING.
  1904 | D:2      | 1904 ||| Stepping ~*~*~tactically~*~*~ (stealth).
  1905 | D:2      | 1905 ||| Stepping ~*~*~tactically~*~*~ (stealth).
  1907 | D:2      | 1907 ||| Stepping ~*~*~tactically~*~*~ (hiding).
  1917 | D:2      | HP: 6/28 [white imp/puff of frost[Natasha] (3)]
  1919 | D:2      | Slain by Natasha

Levels and vault maps discovered:
D:1:      eino_arrival_cavern_a, layout_basic, kennysheep_crisscross
D:2:      layout_loops_ring, hellmonk_ecumenical_altar_prayer_group,
          basic_altar, uniq_natasha

Skill      XL: |  1  2  3  4 |
---------------+-------------+-----
Axes           | 2 3 4 |  4.1
Fighting       | |  3.2
Armour         | |  3.2
Shields        | |  3.2

Action                   |  1- 3 |  4- 6 || total
-------------------------+-------+-------++-------
Melee: War axe           |   104 |    24 ||   128
Armor: Scale mail        |    56 |    17 ||    73
Dodge: Dodged            |    43 |    17 ||    60
Block: Buckler           |    20 |     8 ||    28

Table legend:
 A = Non-vault XP
 B = Vault XP
 C = Vault XP percentage of total XP
 D = Non-vault monster count
 E = Vault monster count
 F = Vault count percentage of total count
                 A         B        C        D         E       F
            +---------+---------+-------+---------+---------+-------
      Total |      86 |      35 |  28.9 |      37 |       1 |   2.6
            +---------+---------+-------+---------+---------+-------
        D:1 |      37 |       0 |   0.0 |      22 |       0 |   0.0
        D:2 |      49 |      35 |  41.7 |      15 |       1 |   6.2
            +---------+---------+-------+---------+---------+-------
